 Dungeon Crawl Stone Soup version 0.28.0-43-g3370ac3207 (webtiles) character file.

Game seed: 1699547071474543532

70 jimonade the Caller (level 4, -10/35 HPs)
             Began as a Draconian Summoner on Mar 12, 2022.
             Killed by divine providence
             ... invoked by an orc priest
              (14 damage)
             ... on level 2 of the Dungeon.
             The game lasted 00:11:54 (1978 turns).

jimonade the Caller (Draconian Summoner)            Turns: 1978, Time: 00:11:55

Health: -10/35     AC:  5    Str: 12    XL:     4   Next: 4%
Magic:  0/7        EV: 12    Int: 16    God:
Gold:   40         SH:  0    Dex: 11    Spells: 4/8 levels left

rFire   . . .      SeeInvis .   k - +1 hand axe (elec)
rCold   . . .      Faith    .   (no shield)
rNeg    . . .      Spirit   .   (armour unavailable)
rPois   .          Reflect  .   (helmet restricted)
rElec   .          Harm     .   (no cloak)
rCorr   .          Rampage  .   (no gloves)
Will    .....                   (no boots)
Stlth   ++........              (no amulet)
HPRegen 0.11/turn               (no ring)
MPRegen 0.10/turn               (no ring)

@: no status effects
A: AC +5, unfitting armour, cold-blooded
a: no special abilities


You were on level 2 of the Dungeon.
You visited 1 branch of the dungeon, and saw 2 of its levels.

You collected 40 gold pieces.

Inventory:

Hand Weapons
 c - a +0 whip
 d - a +0 short sword
 i - a +0 dagger
 j - a +0 spear
 k - a +1 hand axe of electrocution (weapon)
Missiles
 a - 83 stones
 b - 3 poisoned darts
Scrolls
 e - a scroll of teleportation {unknown}
 g - a scroll of fear {unknown}
 h - a scroll of holy word {unknown}
Potions
 f - a potion of cancellation {unknown}
 l - a potion of might {unknown}


   Skills:
 * Level 1.0 Fighting
 * Level 0.1(0.4) Axes
 - Level 0.7(0.8) Maces & Flails
 * Level 2.1 Dodging
 - Level 1.7 Stealth
 * Level 2.5 Spellcasting
 * Level 4.8 Summonings


You had 4 spell levels left.
You knew the following spells:

 Your Spells              Type           Power      Damage    Failure   Level
a - Summon Small Mammal   Summ           68%        N/A       2%          1
b - Call Canine Familiar  Summ           17%        N/A       9%          3

Your spell library contained the following spells:

 Spells                   Type           Power      Damage    Failure   Level
 Call Imp                 Summ           17%        N/A       4%          2
 Summon Guardian Golem    Hex/Summ       9%         N/A       22%         3
 Summon Lightning Spire   Summ/Air       9%         N/A       58%         4


Dungeon Overview and Level Annotations

Branches:
Dungeon (2/15)

Altars:


Innate Abilities, Weirdness & Mutations

Your plain brown scales are hard. (AC +5)
You cannot fit into any form of body armour.
You are cold-blooded and may be slowed by cold attacks.


Message History

Orders for allies: a - Attack new target. r - Retreat! s - Stop attacking. g - Guard the area. f - Follow me.
Anything else - Cancel.
Gang up on whom?
Press: ? - help, Dir - move target, f - orc priest
Aim: an orc priest, wielding a +0 falchion (ally target) Attack!
Your hound bites the orc priest.
The orc priest invokes the aid of Beogh against your hound.
Your hound writhes in agony!
Your hound barely misses the orc priest.
Your hound closely misses the orc priest.
Things that are here:
a rat corpse; a frilled lizard corpse Your hound bites the orc priest.
The orc priest hits your hound with a +0 falchion!
Your hound dies!
Your hound's corpse disappears in a puff of smoke!
The orc priest shouts!
The orc priest looks braver for a moment.
Casting: Call Canine Familiar (dangerous; 9% risk of failure)
Confirm with . or Enter, or press ? or * to list all spells.
An orc priest is nearby!
What are your orders? t - Shout!
Orders for allies: a - Attack new target. p - Attack previous target. r - Retreat! s - Stop attacking. g - Guard the area. f - Follow me.
Anything else - Cancel.
Gang up on whom?
Press: ? - help, Dir - move target, f/p - orc priest
Aim: an orc priest, wielding a +0 falchion (severely wounded, ally target) Attack!
Your hound barely misses the orc priest.
Your hound bites the orc priest.
The orc priest hits your hound with a +0 falchion.
Your hound barely misses the orc priest.
The orc priest invokes the aid of Beogh against you.
Beogh smites you!
You die...

#.###..####.#####.#.##
#.....o..............#
######h##########....#
#.# ....# #.# .####
#.# .# #.# .# #.# .#
#.# #@# .# #.# #.# #.#
#.# #.# #.# #.# #.#
#.# #.# ##.#######.#
#..........#
#..#########


You could see an orc priest (ally target) and a friendly hound (summoned).

Vanquished Creatures
  An adder (D:1)
  A dart slug (D:1)
  A bat (D:1)
  2 endoplasms
  A goblin (D:2)
  A kobold (D:1)
  2 rats (D:1)
9 creatures vanquished.

Vanquished Creatures (collateral kills)
  3 adders (D:2)
  An orc (D:2)
  A bat (D:1)
  4 endoplasms
  A goblin (D:1)
  3 kobolds
  A quokka (D:2)
  3 ball pythons (D:1)
  4 frilled lizards
  4 rats
25 creatures vanquished.

Grand Total: 34 creatures vanquished

Notes
Turn   | Place    | Note
-------+----------+-------------------------------------------
     0 | D:1      | jimonade the Draconian Summoner began the quest for the
                  | Orb.
     0 | D:1      | Reached XP level 1. HP: 14/14 MP: 3/3
   375 | D:1      | Reached XP level 2. HP: 20/20 MP: 3/5
   916 | D:2      | Found a faded altar of an unknown god.
   936 | D:1      | Reached XP level 3. HP: 5/27 MP: 4/6
  1425 | D:2      | Learned a level 3 spell: Call Canine Familiar
  1720 | D:2      | Identified the +11 whip "Huyts" {venom, +Blink rF+}
  1762 | D:2      | Reached skill level 1 in Fighting
  1911 | D:2      | Reached XP level 4. HP: 35/35 MP: 3/7
  1978 | D:2      | Killed from afar by an orc priest

Illustrated notes

Levels and vault maps discovered:
D:1:      minmay_arrival_cross, layout_basic
D:2:      layout_loops_ring, ebering_ecumenical_altar_webs

Skill      XL: |  1  2  3 |
---------------+----------+-----
Dodging        | 2 |  2.1
Fighting       | 1 |  1.0
Axes           | |  0.1
Maces & Flails | |  0.7
Stealth        | |  1.7
Spellcasting   | |  2.5
Summonings     | |  4.8

Action                   |  1- 3 |  4- 6 || total
-------------------------+-------+-------++-------
Melee: Whip              |    22 |       ||    22
       Tailslap          |     1 |       ||     1
       Hand axe          |     1 |       ||     1
 Cast: Summon Small Mamm |    19 |       ||    19
       Call Canine Famil |     7 |     3 ||    10
Armor: Skin              |     9 |       ||     9
Dodge: Dodged            |    22 |     1 ||    23
